Map: Sequencer LE

Players

Sougamiso - Winner!

  • Race: Terran Terran
  • League: Platinum
  • Spawn Location: 7:00

Salvite

  • Race: Protoss Protoss
  • League: Silver
  • Spawn Location: 1:00

VOD

Have the link to the VOD?

Description

Time

  • Played on: June 4, 2017, 3:38 a.m.
  • Length: 10:24
Show
View Real Time Build Order
Export as new Build Order

Sougamiso Terran - Winner!

Build Orders: Command Center First (CC), MMM Bio 

Get SALT Encoding   

  12  0:01  SCV  
  13  0:13  SCV  
  14  0:18  Supply Depot  
  14  0:25  SCV  
  15  0:39  SCV  
  16  0:51  SCV  
  17  1:03  SCV  
  18  1:08  Command Center  
  18  1:15  SCV  
  19  1:19  Barracks  
  19  1:28  SCV  
  19  1:31  Supply Depot  
  20  1:40  SCV  
  21  1:52  SCV  
  22  1:56  Barracks  
  22  2:04  SCV  
  22  2:05  Marine  
  24  2:10  Refinery  
  24  2:18  Supply Depot  
  24  2:19  Orbital Command  
  24  2:23  Marine  
  25  2:32  Orbital Command  
  25  2:41  Marine  
  26  2:51  Barracks  
  26  2:55  Barracks, Marine  
  27  2:59  Marine  
  28  3:05  SCV  
  28  3:09  SCV  
  30  3:13  Marine  
  30  3:18  SCV  
  32  3:21  SCV  
  32  3:24  Barracks Tech Lab  
  33  3:29  Supply Depot  
  33  3:30  Marine, SCV  
  33  3:33  SCV  
  36  3:42  Marine  
  36  3:43  Marine x2  
  36  3:47  SCV x2  
  36  3:48  Supply Depot, Marine  
  41  3:52  Stimpack  
  42  3:58  Supply Depot  
  42  3:59  SCV x2  
  42  4:00  Marine x2  
  42  4:01  Marine  
  47  4:05  Refinery  
  47  4:06  Marine  
  48  4:11  SCV  
  48  4:12  SCV  
  48  4:15  Engineering Bay  
  50  4:18  Marine x3  
  52  4:24  Marine  
  49  4:36  Marine x3  
  51  4:42  Marine  
  51  4:45  Command Center, SCV x2  
  54  4:51  Refinery  
  54  4:54  Marine x3  
  54  4:57  SCV x2  
  59  5:01  Engineering Bay  
  59  5:07  Marine  
  59  5:09  SCV  
  59  5:10  Factory  
  59  5:11  Marine  
  59  5:12  Marine x2  
  64  5:22  SCV  
  64  5:27  Supply Depot  
  64  5:28  Supply Depot, Barracks Tech Lab  
  65  5:30  Barracks Tech Lab  
  65  5:32  Barracks Reactor  
  65  5:34  SCV  
  65  5:35  SCV  
  67  5:42  Missile Turret  
  67  5:44  Missile Turret  
  67  5:46  SCV  
  67  5:47  SCV  
  69  5:55  Marine x2  
  69  5:56  Marine  
  72  5:58  Missile Turret, SCV  
  72  5:59  SCV  
  72  6:00  Orbital Command  
  74  6:05  Starport  
  74  6:13  Marine x3  
  74  6:18  Barracks  
  77  6:19  Terran Infantry Weapons Level 1  
  77  6:20  Terran Infantry Armor Level 1, Combat Shields  
  77  6:21  Barracks  
  77  6:28  Marine x2  
  77  6:31  Marine x2, SCV x2  
  83  6:35  Refinery  
  81  6:40  Missile Turret  
  81  6:45  Marine  
  81  6:46  Marine x2  
  83  6:47  Starport Reactor  
  83  6:50  Factory Tech Lab  
  83  6:52  SCV x2  
  83  6:53  SCV  
  86  6:58  Supply Depot  
  86  7:01  Supply Depot  
  86  7:04  SCV x2  
  86  7:05  Refinery, SCV  
  89  7:09  Armory  
  89  7:16  SCV  
  89  7:17  SCV x2  
  89  7:18  Barracks Tech Lab  
  89  7:19  Barracks Reactor  
  89  7:20  Marine x2  
  89  7:21  Supply Depot, Marine  
  89  7:22  Marine x2  
  97  7:26  Cyclone  
  100  7:38  Marine x2  
  100  7:39  Marine  
  100  7:40  Marine  
  100  7:41  Medivac  
  100  7:42  Medivac  
  98  7:45  Marine x2  
  96  7:55  Marine x2  
  96  7:56  Marine x2  
  96  7:57  Marine x2  
  102  7:58  Cyclone  
  102  8:03  Marine x2  
  107  8:11  Medivac  
  107  8:12  Command Center  
  109  8:13  Refinery  
  109  8:14  Medivac  
  109  8:15  Marine x4  
  109  8:16  Refinery, Marine x2  
  109  8:19  Missile Turret x2  
  117  8:20  Marine  
  117  8:21  Marine  
  117  8:25  Command Center  
  119  8:33  Marine x6  
  125  8:38  Marine x2  
  127  8:41  Medivac  
  127  8:44  Medivac  
  131  8:51  Marine x2  
  133  9:02  Supply Depot  
  133  9:03  Supply Depot  
  133  9:05  Supply Depot  
  133  9:06  Supply Depot  
  133  9:14  Medivac x2, Marine x4  
  141  9:23  Marine, SCV x3  
  145  9:25  Supply Depot, Orbital Command  
  145  9:28  Missile Turret  
  145  9:34  Command Center  
  145  9:35  Command Center  
  145  9:38  Orbital Command  
  145  9:45  Supply Depot x2  
  145  9:47  Marine x3  
  145  9:48  Marine x5  
  153  10:05  Marine x5  
  153  10:06  Marine x2  
Show
View Real Time Build Order
Export as new Build Order

Salvite Protoss 

Build Orders:  

Get SALT Encoding   

  12  0:01  Probe (Chrono Boost)  
  13  0:11  Probe (Chrono Boost)  
  14  0:19  Pylon  
  14  0:25  Probe (Chrono Boost)  
  15  0:37  Probe (Chrono Boost)  
  15  0:42  Gateway  
  16  0:48  Probe (Chrono Boost)  
  17  0:52  Pylon  
  17  0:58  Probe (Chrono Boost)  
  18  1:07  Assimilator  
  18  1:09  Probe (Chrono Boost)  
  19  1:20  Probe (Chrono Boost)  
  20  1:30  Probe (Chrono Boost)  
  20  1:32  Cybernetics Core  
  23  1:40  Zealot  
  23  1:49  Assimilator  
  23  1:58  Probe (Chrono Boost)  
  24  2:07  Zealot  
  26  2:08  Probe (Chrono Boost)  
  26  2:15  Pylon  
  27  2:22  Mothership Core (Chrono Boost)  
  29  2:36  Nexus  
  28  2:43  Warp Gate  
  28  2:52  Gateway  
  28  2:54  Robotics Facility  
  27  3:05  Stalker  
  28  3:08  Probe (Chrono Boost)  
  31  3:22  Pylon  
  31  3:24  Probe (Chrono Boost)  
  32  3:34  Probe (Chrono Boost)  
  33  3:44  Warp Prism  
  33  3:45  Probe (Chrono Boost)  
  36  3:54  Gateway  
  36  4:04  Probe x2 (Chrono Boost)  
  38  4:10  Assimilator  
  38  4:13  Assimilator  
  38  4:14  Probe (Chrono Boost)  
  38  4:15  Probe (Chrono Boost)  
  40  4:39  Probe x2 (Chrono Boost)  
  42  4:53  Probe x2 (Chrono Boost)  
  44  5:05  Gateway x2  
  44  5:08  Gateway x2  
  44  5:19  Gateway  
  44  5:21  Probe (Chrono Boost)  
  44  5:22  Probe (Chrono Boost)  
  46  5:32  Probe x2 (Chrono Boost)  
  48  5:45  Probe x2 (Chrono Boost)  
  50  5:55  Probe x2 (Chrono Boost)  
  52  6:17  Stalker x5  
  62  6:31  Pylon  
  62  6:34  Pylon  
  62  6:37  Pylon  
  52  6:57  Sentry x2  
  52  7:00  Zealot x3  
  52  7:01  Zealot x3  
  68  7:21  Stalker  
  68  7:22  Stalker x2  
  74  7:23  Stalker x3  
  74  7:24  Stalker  
  52  8:15  Robotics Bay  
  52  8:25  Nexus  
  52  8:29  Assimilator  
  52  8:46  Adept  
  52  8:47  Adept x5  
  52  8:48  Adept x2  
  68  8:57  Colossus  
  74  9:34  Twilight Council  
  74  9:42  Adept  
  74  9:43  Adept x4  
  74  9:44  Adept x3  
  96  10:07  Adept x2  
Tags
 
Add a new tag
Caveats
  • Supply blocks, unpowered buildings, or Contaminate may cause inaccurate times.
  • Supply counts are checked every 10 seconds.